Map: [ESL] Site Delta

Players

Solar - Winner!

  • Race: Zerg Zerg
  • Spawn Location: 11:00

trigger

  • Race: Protoss Protoss
  • Spawn Location: 5:00

Event: IEM Katowice 2024

VOD

Have the link to the VOD?

Description

Time

  • Played on: Feb. 8, 2024, 5:10 a.m.
  • Length: 9:57

All games in this series

Show
View Real Time Build Order
Export as new Build Order

Solar Zerg - Winner!

Build Orders: Hatch First 

Get SALT Encoding   

  12  0:00  Drone  
  13  0:08  Drone  
  14  0:17  Overlord  
  14  0:39  Drone  
  15  0:45  Drone  
  15  0:46  Drone  
  17  0:55  Hatchery  
  17  0:57  Drone  
  17  1:03  Drone  
  18  1:11  Extractor  
  17  1:15  Spawning Pool  
  17  1:18  Drone  
  17  1:23  Drone  
  18  1:33  Drone  
  19  1:44  Drone  
  20  1:56  Overlord  
  20  2:02  Queen  
  20  2:06  Queen  
  20  2:07  Zergling x4  
  26  2:13  Metabolic Boost  
  26  2:17  Drone  
  26  2:18  Drone  
  28  2:27  Drone  
  28  2:29  Drone  
  30  2:38  Hatchery  
  30  2:39  Zergling x2  
  30  2:46  Queen  
  32  2:52  Overlord  
  32  2:56  Drone x2  
  34  2:59  Zergling x2  
  34  3:01  Zergling x2  
  36  3:10  Queen  
  36  3:11  Zergling x2  
  36  3:12  Zergling x2  
  40  3:14  Drone  
  40  3:15  Drone  
  42  3:20  Drone  
  42  3:24  Overlord  
  42  3:26  Drone  
  41  3:32  Drone  
  42  3:36  Drone  
  43  3:42  Queen  
  43  3:44  Drone  
  43  3:45  Drone  
  44  3:49  Queen  
  44  3:54  Queen  
  48  3:57  Drone  
  48  3:58  Drone  
  48  3:59  Drone  
  51  4:03  Spore Crawler  
  51  4:06  Overlord  
  50  4:13  Drone, Spore Crawler  
  50  4:14  Drone x2  
  52  4:17  Drone  
  52  4:18  Drone  
  52  4:19  Drone  
  52  4:22  Zergling x2  
  52  4:23  Zergling x2  
  57  4:25  Zergling x4  
  57  4:29  Zergling x2  
  60  4:32  Overlord  
  60  4:33  Drone  
  60  4:35  Drone  
  60  4:38  Drone x3  
  64  4:40  Drone  
  64  4:47  Drone x3, Spore Crawler  
  64  4:49  Drone  
  64  4:51  Drone  
  64  4:52  Drone  
  67  4:56  Overlord  
  66  5:01  Zergling x4  
  66  5:03  Drone  
  66  5:04  Drone  
  66  5:05  Roach Warren  
  66  5:06  Drone  
  69  5:09  Drone  
  69  5:10  Drone x2  
  69  5:11  Drone  
  73  5:15  Drone x3  
  73  5:18  Overlord  
  76  5:22  Lair  
  76  5:26  Extractor x2, Drone x3  
  77  5:28  Drone, Extractor  
  77  5:29  Extractor  
  77  5:32  Zergling x4  
  77  5:35  Drone x2  
  79  5:37  Drone x2  
  79  5:38  Drone  
  79  5:39  Drone, Evolution Chamber  
  79  5:40  Drone  
  81  5:44  Zergling x6  
  81  5:45  Zergling x2  
  81  5:46  Zergling x2  
  81  5:49  Overlord  
  85  5:55  Drone x2  
  85  6:02  Drone  
  86  6:05  Drone x4  
  86  6:06  Extractor  
  86  6:07  Drone x4  
  93  6:12  Drone x3  
  93  6:14  Zerg Missile Weapons Level 1, Hatchery  
  93  6:16  Overlord  
  93  6:18  Overlord  
  95  6:22  Roach  
  95  6:23  Glial Reconstitution  
  97  6:28  Overseer  
  97  6:29  Zergling x2  
  97  6:30  Overlord x2  
  97  6:35  Roach x4  
  97  6:37  Roach  
  97  6:39  Roach  
  109  6:42  Roach x2  
  109  6:46  Overlord  
  112  6:48  Roach x2  
  112  6:50  Roach x2  
  119  6:55  Roach x2  
  123  7:01  Overlord  
  123  7:02  Roach  
  123  7:03  Roach x2  
  123  7:04  Overlord  
  123  7:08  Roach x3  
  133  7:11  Roach x2  
  133  7:12  Overseer  
  133  7:14  Overlord  
  137  7:16  Zergling x2  
  137  7:19  Overlord  
  137  7:21  Roach x2  
  141  7:27  Roach x2  
  141  7:29  Queen  
  147  7:30  Zergling x8  
  147  7:31  Zergling x2  
  147  7:35  Roach x2  
  150  7:39  Roach x3  
  150  7:41  Pneumatized Carapace  
  154  7:44  Zergling x8  
  154  7:49  Roach  
  154  7:50  Overlord  
  158  7:53  Roach x2  
  158  7:59  Roach  
  158  8:00  Roach x5  
  158  8:03  Zergling x8  
  158  8:05  Roach  
  176  8:08  Overlord  
  176  8:10  Zergling x6  
  176  8:11  Zergling x2  
  179  8:14  Overlord  
  179  8:18  Zergling x6  
  182  8:25  Roach  
  182  8:31  Roach x8  
  182  8:33  Roach  
  191  8:37  Roach  
  191  8:43  Roach x4  
  191  8:46  Ravager x4  
  199  8:56  Zergling x4  
  199  9:00  Zergling x6  
  196  9:04  Roach x4  
  196  9:05  Overlord  
  196  9:08  Overlord  
  192  9:10  Roach  
  192  9:15  Queen  
  186  9:23  Roach x3  
  190  9:25  Baneling Nest  
  190  9:27  Zergling x14  
  190  9:30  Roach x3  
Show
View Real Time Build Order
Export as new Build Order

trigger Protoss 

Build Orders: 1 Gate Expand, Oracle Opening 

Get SALT Encoding   

  12  0:00  Probe  
  13  0:14  Pylon  
  13  0:17  Probe (Chrono Boost)  
  14  0:26  Probe (Chrono Boost)  
  15  0:31  Probe (Chrono Boost)  
  16  0:41  Gateway  
  16  0:43  Probe  
  17  0:50  Assimilator  
  17  0:55  Probe  
  18  1:07  Probe  
  19  1:20  Probe  
  20  1:26  Nexus  
  20  1:36  Cybernetics Core  
  20  1:39  Probe  
  21  1:45  Assimilator  
  21  1:51  Probe  
  22  1:54  Pylon  
  22  2:03  Probe  
  23  2:10  Adept (Chrono Boost)  
  23  2:15  Probe  
  26  2:17  Stargate  
  26  2:27  Warp Gate  
  26  2:28  Probe (Chrono Boost)  
  22  2:30  Adept (Chrono Boost)  
  29  2:38  Probe (Chrono Boost)  
  31  2:45  Probe (Chrono Boost)  
  31  2:48  Probe (Chrono Boost)  
  32  2:52  Adept, Probe (Chrono Boost)  
  35  3:00  Probe  
  35  3:01  Oracle (Chrono Boost)  
  39  3:08  Probe  
  39  3:10  Pylon  
  40  3:13  Probe  
  41  3:20  Probe  
  41  3:25  Probe  
  41  3:37  Oracle (Chrono Boost)  
  41  3:40  Nexus  
  44  3:43  Probe  
  44  3:46  Probe  
  44  3:51  Pylon  
  44  3:55  Probe  
  45  3:57  Gateway  
  45  3:58  Probe  
  46  4:05  Oracle (Chrono Boost)  
  46  4:07  Probe  
  50  4:10  Probe  
  50  4:13  Assimilator  
  50  4:15  Assimilator  
  51  4:19  Probe  
  51  4:22  Adept, Probe  
  55  4:26  Twilight Council  
  53  4:31  Probe  
  53  4:34  Pylon  
  53  4:36  Probe  
  55  4:38  Pylon  
  55  4:42  Pylon  
  55  4:52  Probe x2  
  57  4:53  Probe  
  57  4:55  Forge  
  57  5:02  Stalker x2  
  57  5:04  Probe x2  
  57  5:05  Probe  
  62  5:15  Blink (Chrono Boost)  
  62  5:16  Probe x2 (Chrono Boost)  
  62  5:17  Probe (Chrono Boost)  
  62  5:18  Pylon  
  65  5:26  Stalker  
  65  5:28  Probe x2 (Chrono Boost)  
  70  5:29  Probe (Chrono Boost)  
  70  5:35  Probe x2 (Chrono Boost)  
  71  5:37  Stalker, Probe (Chrono Boost)  
  71  5:39  Protoss Ground Weapons Level 1  
  71  5:42  Probe  
  66  5:43  Probe  
  66  5:44  Shield Battery  
  66  5:47  Probe  
  69  5:52  Stalker  
  69  5:54  Probe  
  72  6:02  Gateway  
  72  6:04  Gateway  
  72  6:07  Probe x2  
  75  6:14  Shield Battery  
  75  6:16  Stalker x2  
  78  6:22  Gateway  
  78  6:23  Gateway  
  78  6:28  Probe x3  
  81  6:37  Pylon  
  81  6:40  Probe  
  81  6:42  Stalker x2  
  81  6:44  Robotics Facility  
  81  6:45  Probe x2  
  88  6:52  Probe  
  88  6:53  Assimilator  
  89  6:57  Probe  
  89  6:58  Pylon  
  89  7:00  Stalker x2  
  94  7:10  Stalker x2  
  94  7:12  Nexus  
  94  7:15  Probe x2  
  100  7:16  Pylon  
  100  7:18  Stalker  
  100  7:25  Stalker x3  
  100  7:29  Probe  
  106  7:30  Probe  
  106  7:31  Probe  
  108  7:41  Probe  
  108  7:42  Probe  
  108  7:44  Probe, Robotics Bay  
  110  7:45  Warp Prism  
  110  7:47  Robotics Facility  
  113  7:56  Shield Battery  
  111  8:00  Probe  
  110  8:06  Probe  
  110  8:12  Probe  
  112  8:14  Stalker  
  112  8:15  Probe  
  112  8:19  Gateway, Probe  
  116  8:21  Gateway  
  116  8:24  Probe  
  116  8:25  Stalker x5  
  126  8:30  Probe  
  126  8:33  Probe  
  124  8:39  Disruptor x2  
  124  8:42  Pylon  
  124  8:51  Stalker  
  124  8:52  Stalker x3  
  124  8:55  Photon Cannon  
  132  8:57  Pylon  
  132  8:58  Pylon  
  132  9:00  Pylon  
  132  9:01  Zealot x2  
  114  9:15  Disruptor, Stalker x4  
  103  9:19  Stalker  
  103  9:20  Stalker  
  94  9:33  Stalker x2  
  96  9:39  Stalker x4  
  96  9:43  Zealot  
  94  9:45  Pylon  

Tags
 
Add a new tag
Caveats
  • Supply blocks, unpowered buildings, or Contaminate may cause inaccurate times.
  • Supply counts are checked every 10 seconds.